 Dungeon Crawl Stone Soup version 0.26-a0-61-g6c07f0ee8d (webtiles) character file.

Game seed: 16900335577515555890

1288646 DerDa the Sorcerer (level 27, -2/284 HPs)
             Began as a Demonspawn Ice Elementalist on June 7, 2020.
             Was the Champion of Sif Muna.
             Slain by a shadow wraith (11 damage)
             ... on level 7 of Tartarus on June 9, 2020.
             The game lasted 10:32:59 (108759 turns).

DerDa the Sorcerer (Demonspawn Ice Elementalist)  Turns: 108759, Time: 10:33:03

Health: -2/284     AC: 23    Str: 15 (16) XL:     27
Magic:  52/52      EV: 27    Int: 35 (36) God:    Sif Muna [******]
Gold:   8914       SH: 19    Dex: 19      Spells: 6/77 levels left

rFire    + + +     SeeInvis .   b - +18 lance "Wyrmbane" {slay drac, rPois rF+ rC+ AC+3}
rCold    + + +     Gourm    .   u - +5 kite shield {reflect}
rNeg     + + +     Faith    .   A - +1 robe of Gozag's Inspiration {rElec rC+ rN++ rCorr}
rPois    ∞         Spirit   .   J - +2 helmet {Int+3}
rElec    +         Reflect  +   H - scarf {repulsion}
rCorr    +         Harm     .   U - +1 pair of gloves "Beufat" {Dex+4}
MR       ++++.                  (boots unavailable)
Stlth    +.........             m - amulet of Naomi {+Fly rC++ Regen+ Int+8 Stlth-}
HPRegen  1.37/turn              y - ring "Nifyed" {rF+ rC+ Str+6}
MPRegen  0.33/turn              L - ring "Izxoitoi" {rPois rF+ MR+}

@: mighty, lich-form, contaminated, slowed, glowing, studying 2 skills, repel
missiles, very slow
A: hooves 3, iridescent scales 3, dopey 1, poison resistance, powered by pain 3,
regeneration 1, robust 3, spiny 3
}: 13/15 runes: barnacled, slimy, silver, iron, obsidian, icy, abyssal, demonic,
glowing, magical, fiery, dark, gossamer
a: End Transformation, Channel Magic, Forget Spell, Divine Exegesis, Renounce
Religion, Evoke Flight


You were on level 7 of Tartarus.
You worshipped Sif Muna.
Sif Muna was exalted by your worship.
You were not hungry.
You were a lich.
You visited 16 branches of the dungeon, and saw 84 of its levels.
You visited Pandemonium 2 times, and saw 17 of its levels.
You visited the Abyss 2 times.
You visited 3 bazaars.
You also visited: Trove, Sewer, Ice Cave and Volcano.

You collected 14011 gold pieces.
You spent 5097 gold pieces at shops.

Inventory:

Hand Weapons
 a - the +5 long sword "Pysacs Rota" {freeze, rF+ Dex+2 SInv}
   (You took it off a deep elf elementalist on level 3 of the Elven Halls)

   It has been specially enchanted to freeze those struck by it, causing extra
   injury to most foes and up to half again as much damage against particularly
   susceptible opponents.
   It can also slow down cold-blooded creatures.
   It affects your dexterity (+2).
   It protects you from fire.
   It lets you see invisible.
 b - the +18 lance "Wyrmbane" (weapon) {slay drac, rPois rF+ rC+ AC+3}
   (You found it on level 5 of the Pits of Slime)

   It affects your AC (+3).
   It protects you from fire.
   It protects you from cold.
   It protects you from poison.
 e - the +7 sceptre of Asmodeus
   (You took it off Asmodeus on level 7 of Gehenna)
 z - the +4 staff of Dispater
   (You took it off Dispater on level 7 of the Iron City of Dis)
Armour
 u - a +5 kite shield of reflection (worn)
 A - the +1 robe of Gozag's Inspiration (worn) {rElec rC+ rN++ rCorr}
   (You took it off a balrug in Pandemonium)

   It protects you from cold.
   It insulates you from electricity.
   It greatly protects you from negative energy.
   It provides partial protection from all sources of acid and corrosion.
 H - a scarf of repulsion (worn)
 J - a +2 helmet of intelligence (worn)
 U - the +1 pair of gloves "Beufat" (worn) {Dex+4}
   (You found it in a treasure trove)

   It affects your dexterity (+4).
Magical Staves
 D - an uncursed staff of wizardry
Jewellery
 d - the ring of Moderation {rF+ Dex+6 Stlth+}
   (You took it off a red devil in Pandemonium)

   [ring of protection from fire]

   It affects your dexterity (+6).
   It protects you from fire.
   It makes you more stealthy.
 m - the amulet of Naomi (around neck) {+Fly rC++ Regen+ Int+8 Stlth-}
   (You acquired it on level 3 of the Elven Halls)

   [amulet of regeneration]

   It affects your intelligence (+8).
   It greatly protects you from cold.
   It lets you fly.
   It increases your rate of regeneration.
   It makes you less stealthy.
 y - the ring "Nifyed" (left hand) {rF+ rC+ Str+6}
   (You took it off a yaktaur on level 5 of the Vaults)

   [ring of strength]

   It affects your strength (+6).
   It protects you from fire.
   It protects you from cold.
 L - the ring "Izxoitoi" (right hand) {rPois rF+ MR+}
   (You took it off a deep elf elementalist on level 3 of the Elven Halls)

   [ring of poison resistance]

   It protects you from fire.
   It protects you from poison.
   It affects your resistance to hostile enchantments.
 Z - an uncursed ring of wizardry
Wands
 s - a wand of acid (61)
 I - a wand of paralysis (45)
 N - a wand of clouds (9)
 O - a wand of disintegration (48)
 S - a wand of digging (2)
Scrolls
 k - 33 scrolls of remove curse
 l - 33 scrolls of teleportation
 n - 6 scrolls of magic mapping
 w - 4 scrolls of fear
 x - 4 scrolls of summoning
 E - 11 scrolls of fog
 F - 9 scrolls of enchant armour
 M - 8 scrolls of enchant weapon
 T - 33 scrolls of identify
Potions
 h - 7 potions of resistance
 i - 15 potions of brilliance
 j - 12 potions of haste
 r - 36 potions of curing
 v - 12 potions of ambrosia
 B - 6 potions of mutation
 C - 13 potions of might
 G - 2 potions of magic
 K - 5 potions of stabbing
 R - 15 potions of heal wounds
 W - 8 potions of cancellation
Books
 o - a manual of Maces & Flails
 Q - a manual of Unarmed Combat
Miscellaneous
 f - 8 boxes of beasts
 g - a phial of floods
 q - the horn of Geryon
 X - 7 phantom mirrors
Comestibles
 c - 75 rations


   Skills:
 + Level 18.4 Fighting
 * Level 14.7 Polearms
 + Level 17.3 Dodging
 - Level 1.7 Stealth
 - Level 15.0 Shields
 * Level 25.8 Spellcasting
 + Level 20.6 Conjurations
 - Level 19.0 Necromancy
 - Level 17.0 Transmutations
 + Level 24.7 Ice Magic
 * Level 20.0 Air Magic
 + Level 18.6 Invocations
 + Level 15.2 Evocations


You had 6 spell levels left.
You knew the following spells:

 Your Spells              Type           Power        Failure   Level  Hunger
a - Necromutation         Tmut/Necr      ########..   1%          8    N/A
b - Frozen Ramparts       Ice            ######       0%          3    N/A
c - Tornado               Air            ########..   14%         9    N/A
d - Hailstorm             Conj/Ice       ########     0%          4    N/A
f - Irradiate             Conj/Tmut      ########..   0%          5    N/A
g - Airstrike             Air            ########..   0%          4    N/A
h - Ozocubu's Refrigerat  Ice            ########..   0%          6    N/A
i - Absolute Zero         Ice            ########..   1%          9    N/A
j - Freezing Cloud        Conj/Ice/Air   ########..   0%          6    N/A
k - Starburst             Conj/Fire      #######...   1%          6    N/A
l - Orb of Destruction    Conj           ########..   1%          7    N/A
q - Blink                 Tloc           N/A          1%          2    N/A
w - Swiftness             Chrm/Air       #######.     0%          2    N/A

Your spell library contained the following spells:

 Spells                   Type           Power        Failure   Level  Hunger
 Animate Skeleton         Necr           N/A          0%          1    N/A
 Beastly Appendage        Tmut           ######       0%          1    N/A
 Foxfire                  Conj/Fire      ####         0%          1    N/A
 Freeze                   Ice            ####         0%          1    N/A
 Magic Dart               Conj           ####         0%          1    N/A
 Pain                     Necr           ####         0%          1    N/A
 Shock                    Conj/Air       ####         0%          1    N/A
 Sting                    Tmut/Pois      ####         0%          1    N/A
 Corpse Rot               Necr/Air       N/A          0%          2    N/A
 Ensorcelled Hibernation  Hex/Ice        ######       0%          2    N/A
 Poisonous Vapours        Pois/Air       ######       0%          2    N/A
 Searing Ray              Conj           ######       0%          2    N/A
 Sticks to Snakes         Tmut           ########     0%          2    N/A
 Sublimation of Blood     Necr           ########..   0%          2    N/A
 Mephitic Cloud           Conj/Pois/Air  #######.     0%          3    N/A
 Ozocubu's Armour         Chrm/Ice       #######.     0%          3    N/A
 Static Discharge         Conj/Air       ########     0%          3    N/A
 Vampiric Draining        Necr           ########..   0%          3    N/A
 Animate Dead             Necr           N/A          0%          4    N/A
 Dispel Undead            Necr           ########     0%          4    N/A
 Ice Form                 Ice/Tmut       ########     0%          4    N/A
 Agony                    Necr           ########     0%          5    N/A
 Blade Hands              Tmut           ########..   0%          5    N/A
 Lightning Bolt           Conj/Air       ########..   0%          5    N/A
 Simulacrum               Ice/Necr       ########..   0%          6    N/A
 Apportation              Tloc           #####.       1%          1    N/A
 Corona                   Hex            #####..      1%          1    N/A
 Infusion                 Chrm           ####         1%          1    N/A
 Sandblast                Erth           #####.       1%          1    N/A
 Summon Butterflies       Summ           #####...     1%          1    N/A
 Summon Small Mammal      Summ           ####         1%          1    N/A
 Call Imp                 Summ           #####...     1%          2    N/A
 Passwall                 Tmut/Erth      #######.     1%          2    N/A
 Shroud of Golubria       Chrm/Tloc      #####.       1%          2    N/A
 Slow                     Hex            #####...     1%          2    N/A
 Song of Slaying          Chrm           #####...     1%          2    N/A
 Call Canine Familiar     Summ           #####...     1%          3    N/A
 Confusing Touch          Hex            #####...     1%          3    N/A
 Conjure Flame            Conj/Fire      #######.     1%          3    N/A
 Dazzling Flash           Conj/Hex       ######       1%          3    N/A
 Gell's Gravitas          Tloc           #####.....   1%          3    N/A
 Ignite Poison            Fire/Tmut/Pois ######..     1%          3    N/A
 Inner Flame              Hex/Fire       #####...     1%          3    N/A
 Lesser Beckoning         Tloc           #####.....   1%          3    N/A
 Portal Projectile        Hex/Tloc       #####.       1%          3    N/A
 Recall                   Summ/Tloc      N/A          1%          3    N/A
 Spectral Weapon          Hex/Chrm       #####...     1%          3    N/A
 Spider Form              Tmut/Pois      #######...   1%          3    N/A
 Stone Arrow              Conj/Erth      ######       1%          3    N/A
 Summon Guardian Golem    Hex/Summ       #####...     1%          3    N/A
 Teleport Other           Tloc           #####...     1%          3    N/A
 Tukima's Dance           Hex            #####...     1%          3    N/A
 Fulminant Prism          Conj/Hex       #######...   1%          4    N/A
 Iskenderun's Mystic Bla  Conj/Tloc      #######.     1%          4    N/A
 Petrify                  Tmut/Erth      #######.     1%          4    N/A
 Sticky Flame             Conj/Fire      #######.     1%          4    N/A
 Summon Ice Beast         Ice/Summ       #######.     1%          4    N/A
 Summon Lightning Spire   Summ/Air       #######.     1%          4    N/A
 Alistair's Intoxication  Tmut/Pois      #######.     1%          5    N/A
 Bolt of Magma            Conj/Fire/Erth #######...   1%          5    N/A
 Borgnjor's Vile Clutch   Necr/Erth      ########..   1%          5    N/A
 Excruciating Wounds      Chrm/Necr      ########..   1%          5    N/A
 Fireball                 Conj/Fire      #######...   1%          5    N/A
 Iskenderun's Battlesphe  Conj/Chrm      #######.     1%          5    N/A
 Metabolic Englaciation   Hex/Ice        #######...   1%          5    N/A
 Silence                  Hex/Air        #######...   1%          5    N/A
 Yara's Violent Unravell  Hex/Tmut       #######...   1%          5    N/A
 Conjure Ball Lightning   Conj/Air       ########..   1%          6    N/A
 Death Channel            Necr           ########..   1%          6    N/A
 Hydra Form               Tmut           ########..   1%          6    N/A
 Iron Shot                Conj/Erth      #######...   1%          6    N/A
 Eringya's Noxious Bog    Tmut/Pois      #######...   2%          6    N/A
 Statue Form              Tmut/Erth      #######..    2%          6    N/A
 Cause Fear               Hex            #####.....   4%          4    N/A
 Leda's Liquefaction      Hex/Erth       #####.....   4%          4    N/A
 Olgreb's Toxic Radiance  Pois           #####...     4%          4    N/A
 Passage of Golubria      Tloc           N/A          4%          4    N/A
 Aura of Abjuration       Summ           #####.....   14%         5    N/A
 Lee's Rapid Deconstruct  Erth           #####.....   14%         5    N/A
 Summon Demon             Summ           #####.....   14%         5    N/A
 Summon Forest            Summ/Tloc      #####.....   14%         5    N/A
 Summon Mana Viper        Hex/Summ       #####...     14%         5    N/A
 Darkness                 Hex            #####.....   58%         6    N/A
 Dispersal                Tloc           #####.....   58%         6    N/A
 Invisibility             Hex            #####...     58%         6    N/A
 Shadow Creatures         Summ           N/A          58%         6    N/A
 Dragon Form              Tmut           ########..   1%          7    N/A
 Borgnjor's Revivificati  Necr           ########..   1%          8    N/A
 Chain Lightning          Conj/Air       ########..   1%          8    N/A
 Infestation              Necr           ########..   1%          8    N/A
 Spellforged Servitor     Conj/Summ      #######...   6%          7    N/A
 Haunt                    Necr/Summ      ########..   9%          7    N/A
 Lehudib's Crystal Spear  Conj/Erth      #######...   43%         8    N/A
 Death's Door             Chrm/Necr      ########..   54%         8    N/A
 Malign Gateway           Summ/Tloc      #####.....   99%         7    N/A
 Monstrous Menagerie      Summ           #####.....   99%         7    N/A
 Ring of Flames           Chrm/Fire      #####.....   99%         7    N/A
 Summon Greater Demon     Summ           #####.....   99%         7    N/A
 Summon Hydra             Summ           #####.....   99%         7    N/A
 Controlled Blink         Tloc           N/A          100%        8    N/A
 Discord                  Hex            #####.....   100%        8    N/A
 Disjunction              Tloc           #####.....   100%        8    N/A
 Ignition                 Fire           #####.....   100%        8    N/A
 Summon Horrible Things   Summ           #####.....   100%        8    N/A
 Dragon's Call            Summ           #####.....   100%        9    N/A
 Fire Storm               Conj/Fire      #######...   100%        9    N/A
 Shatter                  Erth           #####.....   100%        9    N/A

Dungeon Overview and Level Annotations

Branches:
Dungeon (15/15)            Temple (1/1) D:5            Lair (6/6) D:8
 Shoals (4/4) Lair:3       Spider (4/4) Lair:3        Slime (5/5) Lair:5
    Orc (2/2) D:12            Elf (3/3) Orc:2        Vaults (5/5) D:13
  Crypt (0/3) Vaults:3     Depths (5/5) D:15           Hell (visited)
    Dis (7/7) Hell            Geh (7/7) Hell            Coc (7/7) Hell
    Tar (7/7) Hell            Zot (5/5) Depths:5      Sewer (visited)
  IceCv (visited)         Volcano (visited)

Altars:
Ashenzari
Cheibriados
Dithmenos
Elyvilon
Fedhas
Gozag
Hepliaklqana
Kikubaaqudgha
Makhleb
Nemelex Xobeh
Qazlal
Ru
Sif Muna
Trog
Vehumet
Wu Jian
Xom
Yredelemnul
Zin
Beogh

Shops:
D:5 =[(?[   D:8 %[*%   D:9 !}   D:13 ?   Orc:1 :**!   Orc:2 ([*=   Elf:3 ?!
Shoals:3 :**?%   Shoals:4 =   Vaults:5 %!%   Depths:2 [

Portals:
Hell: Hell Depths:1 Depths:2 Depths:3 Depths:4 Depths:5
Abyss: Depths:3 Depths:4 Depths:5
Pandemonium: Depths:2 Depths:3 Depths:4
Ziggurat: Depths:2

Annotations:
Vaults:3 Ynisk's ghost, adept HaHu


Innate Abilities, Weirdness & Mutations

You have hooves in place of feet.
You are completely covered in iridescent scales. (AC +6)
You are powered by pain.
You are extremely robust. (+30% HP)
You are completely covered in sharp spines.
You are dopey. (Int -2)
Your system is resistant to poisons. (rPois)
Your natural rate of healing is unusually fast.


Message History

* * * LOW HITPOINT WARNING * * *
Something hits you.
* * * LOW HITPOINT WARNING * * *
Something drains your vigour!
You feel as though you will be slow longer.
The reaper completely misses you. You block something's attack.
Your body shudders with the violent release of wild energies!
Your body decomposes!
You feel dopey. You block something's attack.
You suddenly feel all small and vulnerable.
The reaper hits you from afar with a +1 scythe of flaming!!
* * * LOW HITPOINT WARNING * * *
You focus on the pain.
You feel mightier all of a sudden. The reaper burns you.
* * * LOW HITPOINT WARNING * * *
Something hits you!
You die...

*,**,,,,,**,*,*#...#
*,*********,*,*#2..#
*,,,* *,,,*,*#...#
*,*** ***,*,*#3..#
*,*********,*,*#23{#
*,**,,,,,**,*,*#.2.#
*,**,,,,,**,*,*#..2#
*+*********+*,*#{.)#
*,*********,*,*#L))#
*,,,,,,,,,,,*,*#).)#
*************+*#...#
,** **,,*#...# ,,***
***,,**#...#
,,,,*****,,,,*##...#
*,,,,,,,,,,,**#....#
*,,,,,,,,,,,*##....#
**,,,,,,,,,**#.....#


You could see 4 reapers and 2 soul eaters.

Vanquished Creatures
  Cerebov (Pan)
  Asmodeus (Geh:7)
  Antaeus (Coc:7)
  the Royal Jelly (Slime:5)
  Gloorx Vloq (Pan)
  Mnoleg (Pan)
  Lom Lobon (Pan)
  Dispater (Dis:7)
  6 orbs of fire
  5 ancient liches
  Saint Roka (Orc:2)
  5 curse toes
  5 Killer Klowns
  11 shard shrikes
  Margery (Depths:3)
  Geryon (Hell)
  Xtahua (Depths:3)
  4 bone dragons
  11 golden dragons
  Arachne (Spider:2)
  2 doom hounds
  30 Brimstone Fiends
  14 iron giants
  3 electric golems
  9 pandemonium lords (Pan)
  5 Tzitzimimeh
  Jorgrun (Shoals:3)
  25 Orb Guardians (Zot:5)
  13 tentacled monstrosities
  31 Ice Fiends
  31 Hell Sentinels
  3 liches
  A deep elf blademaster (Elf:3)
  5 quicksilver dragons
  5 titans
  Murray (Hell)
  12 death cobs
  16 acid blobs
  Frances (Elf:1)
  An eldritch tentacle (Pan)
  Polyphemus (Shoals:4)
  31 Executioners (Pan)
  8 sphinxes
  2 thorn hunters (Abyss:3)
  A tentacled starspawn (Abyss:2)
  8 ancient champions
  15 storm dragons
  11 shadow dragons
  4 draconian monks
  A daeva (Pan)
  10 fire giants
  A revenant (Vaults:3)
  13 azure jellies
  A nagaraja (Vaults:1)
  6 tengu reavers
  7 draconian knights
  Aizul (Shoals:4)
  15 frost giants
  8 deep elf sorcerers
  14 vault wardens
  45 balrugs
  9 ghost moths
  2 orc warlords
  17 cacodemons
  11 corrupters (Pan)
  5 deep elf elementalists
  A ghoul (Vaults:5)
  10 draconian scorchers
  2 curse skulls
  13 warmongers (Pan)
  71 reapers
  7 emperor scorpions
  15 iron dragons
  2 draconian shifters
  3 spriggan defenders
  26 stone giants
  7 draconian annihilators
  4 elemental wellsprings
  6 blood saints (Pan)
  22 ironheart preservers
  3 entropy weavers
  5 draconian stormcallers
  18 black suns (Pan)
  20 very ugly things
  23 war gargoyles
  8 deep elf demonologists
  Azrael (Spider:3)
  5 vampire knights
  13 green draconians
  10 red draconians
  11 black draconians
  10 deep elf annihilators
  10 white draconians
  6 yellow draconians
  13 lorocyprocas
  7 spark wasps
  8 purple draconians
  18 ettins
  3 eidola
  4 merfolk javelineers (Shoals:4)
  12 green deaths
  A spark wasp (shapeshifter) (Vaults:5)
  2 crystal guardians
  8 deep elf death magi
  3 jiangshi (Tar:5)
  6 death oozes (Slime:5)
  11 merfolk impalers
  34 blizzard demons
  9 fire dragons
  5 quicksilver dragon zombies
  Josephine (D:11)
  9 rakshasas
  11 ogre magi
  5 deep elf high priests
  4 kraken zombies
  22 yaktaur captains
  13 great orbs of eyes
  32 vault guards
  Harold (D:10)
  5 quicksilver dragon skeletons
  20 ice dragons
  10 monstrous demonspawn (Pan)
  5 hell beasts
  2 juggernaut simulacra (Pan)
  6 catoblepae
  13 hydras
  A shambling mangrove (Abyss:3)
  A ghost crab (Tar:7)
  An anaconda (Lair:5)
  26 two-headed ogres
  A merfolk avatar (Shoals:2)
  A spriggan air mage (Depths:3)
  3 death knights
  11 centaur warriors
  An alligator snapping turtle (Shoals:3)
  4 deep troll earth magi
  33 dancing weapons
  4 merfolk aquamancers
  A vampire mage (Tar:5)
  6 deep troll shamans
  16 hell hogs
  2 satyrs
  The ghost of sirjames the Thaumaturge, a journeyman DEFE of Kikubaaqudgha (Lair:3)
  An orc high priest (Orc:2)
  17 death yaks
  7 tengu warriors
  11 titan zombies
  3 thrashing horrors
  5 spriggan berserkers
  A storm dragon zombie (Geh:6)
  79 soul eaters
  59 hell knights
  73 large abominations
  108 sun demons
  Sonja (Orc:2)
  13 iron trolls
  2 wretched stars (Abyss:2)
  3 small abominations
  21 deep elf knights
  10 iron golems
  81 skeletal warriors
  5 titan skeletons
  25 shadow wraiths
  24 sixfirhies
  4 golden dragon zombies
  A death drake (Depths:3)
  4 sea snakes
  5 storm dragon skeletons
  A glowing orange brain (shapeshifter) (Vaults:5)
  17 flayed ghosts
  2 orange crystal statues (Depths:3)
  37 deep trolls
  A quicksilver dragon simulacrum (Coc:3)
  2 ghost moth zombies
  A spectral anaconda (Depths:3)
  25 shadow demons
  14 gelid demonspawn (Pan)
  9 infernal demonspawn
  14 torturous demonspawn (Pan)
  3 unseen horrors
  10 wizards
  12 glowing orange brains
  3 golden dragon skeletons
  Pikel (D:5)
  20 harpies
  6 anaconda zombies
  3 wolf spider zombies
  14 deep elf archers
  3 shadow dragon zombies
  13 ironbrand convokers
  11 phantasmal warriors
  72 deep elf magi
  19 orb spiders
  4 anaconda skeletons
  A harpy (shapeshifter) (Vaults:3)
  16 necromancers
  4 orc sorcerers (Orc:2)
  4 stone giant zombies
  2 shining eyes (Pan)
  2 salamanders (shapeshifter)
  6 shadow dragon skeletons
  16 cyclopes
  15 orc knights
  5 frost giant zombies
  27 ugly things
  9 iron dragon zombies
  4 oklob plants (Lair:5)
  34 wolf spiders
  14 fauns
  5 fire giant zombies
  3 worldbinders (Abyss:3)
  A salamander (Geh:7)
  17 manticores
  37 moths of wrath
  7 dire elephant zombies
  An apocalypse crab (Abyss:3)
  12 elephants (Lair:4)
  3 shock serpent zombies
  9 merfolk sirens
  A black mamba (shapeshifter) (Depths:1)
  2 fire giant skeletons
  A toenail golem (Volcano)
  50 rust devils
  4 stone giant skeletons
  9 vault sentinels
  7 ice statues
  10 water nymphs
  2 torpor snails
  52 smoke demons
  6 dire elephant skeletons
  2 black mambas
  9 spiny frogs
  13 molten gargoyles
  2 eyes of devastation
  2 shock serpent skeletons
  40 hellions
  20 orange demons
  A catoblepas zombie (Geh:2)
  A gargoyle (D:11)
  6 komodo dragons
  32 ice devils
  2 human zombies
  26 efreet
  4 emperor scorpion zombies
  2 kobold demonologists
  21 freezing wraiths
  An alligator snapping turtle skeleton (Coc:6)
  An ancient zyme (Abyss:1)
  40 demonic crawlers
  2 anaconda simulacra
  2 rime drakes
  31 tormentors
  18 hellwings (Pan)
  44 yaktaurs
  A guardian mummy (Zot:1)
  4 tengu conjurers
  A catoblepas skeleton (Geh:7)
  2 harpy zombies
  62 red devils
  2 spectral merfolk (Depths:3)
  A queen bee (shapeshifter) (Vaults:1)
  17 polar bears
  9 trolls
  23 merfolk
  53 jumping spiders
  22 hornets
  7 hydra skeletons
  Grinder (D:4)
  15 hydra zombies
  2 raiju (shapeshifter)
  A harpy skeleton (Geh:7)
  Prince Ribbit (Lair:3)
  17 blink frogs
  An iron dragon simulacrum (Coc:5)
  8 snapping turtles
  6 wind drakes
  72 slime creatures
  8 hippogriffs
  4 raiju
  7 ice dragon zombies
  13 dream sheep
  2 alligator zombies
  7 ettin zombies
  3 fire dragon zombies
  92 flying skulls
  21 water elementals
  4 air elementals
  2 black mamba zombies
  21 shadows
  11 starcursed masses
  2 alligator skeletons
  3 ice dragon skeletons
  7 fire dragon skeletons
  31 tarantellas
  3 vampires (Depths:3)
  4 ettin skeletons
  2 spriggans (shapeshifter)
  2 nameless horrors
  37 wraiths
  3 fire bats (Geh:3)
  50 ynoxinuls
  5 black mamba skeletons
  81 redbacks
  7 spriggans
  5 wyverns
  A human (shapeshifter) (Vaults:5)
  3 golden eyes
  A steam dragon (D:9)
  60 yaks
  4 hogs (D:9)
  6 vampire mosquitoes
  3 hungry ghosts
  A human (D:9)
  6 basilisks
  37 chaos spawn (Pan)
  37 neqoxecs
  56 fire elementals
  A yaktaur simulacrum (Vaults:2)
  11 wargs
  2 iron troll simulacra (Coc:6)
  11 spiny frog zombies
  2 acid dragons
  125 hell hounds
  2 floating eyes (shapeshifter)
  4 floating eyes
  6 hydra simulacra
  10 water moccasins
  2 spectral trolls (Depths:3)
  7 porcupines
  A merfolk skeleton (Pan)
  A spectral spriggan (Depths:3)
  5 spiny frog skeletons
  43 orc warriors
  7 snapping turtle zombies
  3 black bears
  2 elf zombies
  A hornet zombie (D:15)
  2 sky beasts
  3 slaves (D:5)
  An alligator simulacrum (Coc:7)
  6 phantoms
  3 swamp dragon zombies
  8 eyes of draining
  2 manticore zombies
  4 ice beasts
  15 necrophages
  35 wolves
  6 boggarts
  5 manticore skeletons
  An elf simulacrum (Vaults:5)
  12 crocodiles
  6 snapping turtle skeletons
  14 centaurs
  39 ogres
  14 big kobolds
  Blork the orc (Orc:2)
  A gnoll sergeant (D:12)
  17 bullfrogs
  5 earth elementals
  2 merfolk simulacra (Depths:3)
  A hornet simulacrum (D:15)
  4 spiny frog simulacra
  8 scorpions
  8 killer bees
  4 spectral ogres (Depths:3)
  A spectral naga (Depths:3)
  A troll zombie (Geh:3)
  48 wights
  5 howler monkeys
  5 spectral centaurs (Depths:3)
  20 crimson imps
  4 quasits
  11 hounds
  5 jellies
  A bullfrog zombie (D:6)
  A human simulacrum (Vaults:2)
  19 orc priests
  2 bullfrog skeletons
  3 centaur zombies
  2 centaur skeletons
  4 iguanas
  40 iron imps
  4 human skeletons
  Natasha (thrice) (D:4)
  12 worker ants
  34 orc wizards
  A tengu skeleton (Geh:2)
  10 mummies
  Robin (D:1)
  9 gnolls
  A naga simulacrum (Depths:3)
  12 adders
  7 river rats (Sewer)
  11 shadow imps
  11 white imps
  2 ufetubi (Depths:4)
  An ooze (shapeshifter) (Depths:5)
  An adder zombie (D:8)
  2 adder skeletons
  A worm (D:4)
  4 leopard geckos
  120 orcs
  10 ball pythons
  8 giant cockroaches
  17 goblins
  6 hobgoblins
  12 jackals
  4 quokkas
  7 bats
  4 frilled lizards
  A jackal skeleton (D:6)
  35 kobolds
  A kobold simulacrum (Coc:3)
  27 rats
  39 blocks of ice
  7 briar patches (Pan)
  A crawling corpse (Elf:3)
  3 fire vortices (Volcano)
  9 fungi
  54 plants
  9 tentacles
4990 creatures vanquished.

Vanquished Creatures (collateral kills)
  Nikola (Spider:4)
  2 golden dragons
  A tengu reaver (Vaults:1)
  A deep elf elementalist (Elf:3)
  A stone giant (Vaults:4)
  A yellow draconian (Depths:5)
  An ettin (Depths:4)
  An ice dragon (Vaults:3)
  A centaur warrior (Vaults:4)
  A death knight (D:15)
  A dancing weapon (Elf:1)
  A deep troll shaman (Depths:4)
  A soul eater (Hell)
  A deep troll (Vaults:3)
  A deep troll (shapeshifter) (Elf:1)
  4 sea snakes
  A spiny frog (Lair:6)
  A yaktaur (Vaults:5)
  A merfolk (Shoals:4)
  2 snapping turtles
  A polar bear (Lair:6)
  A wraith (D:10)
  A floating eye (shapeshifter) (Vaults:5)
  A black bear (D:10)
  A wolf (IceCv)
  A block of ice (Pan)
31 creatures vanquished.

Vanquished Creatures (others)
  An eldritch tentacle (Pan)
  A fire giant (Depths:5)
  A ghost moth (Zot:4)
  An emperor scorpion (Spider:4)
  3 lorocyprocas (Pan)
  A monstrous demonspawn (Pan)
  A hell hog (Geh:7)
  A shadow wraith (Vaults:2)
  A glowing orange brain (Pan)
  A harpy (Shoals:4)
  An ironbrand convoker (Vaults:4)
  A phantasmal warrior (Vaults:4)
  An orange demon (Pan)
  2 flying skulls (Coc:7)
  A wraith (Geh:6)
  A fire elemental (Zot:2)
  A wight (Dis:4)
  An iron imp (Dis:7)
  315 blocks of ice
  5 fungi
  22 plants
  2 starspawn tentacles (Abyss:2)
  12 tentacles
  A withered plant (Shoals:4)
378 creatures vanquished.

Grand Total: 5399 creatures vanquished

Notes
Turn   | Place    | Note
-------+----------+-------------------------------------------
     0 | D:1      | DerDa the Demonspawn Ice Elementalist began the quest for
                  | the Orb.
     0 | D:1      | Reached XP level 1. HP: 13/13 MP: 3/3
   287 | D:1      | Gained mutation: You have large cloven feet. [demonic
                  | ancestry]
   287 | D:1      | Reached XP level 2. HP: 19/19 MP: 3/5
  1307 | D:2      | Reached XP level 3. HP: 24/24 MP: 5/7
  1398 | D:2      | Learned a level 3 spell: Frozen Ramparts
  1402 | D:2      | Learned a level 3 spell: Ozocubu's Armour
  1726 | D:2      | Noticed Robin
  1740 | D:2      | Reached skill level 3 in Spellcasting
  1880 | D:1      | Killed Robin
  1880 | D:1      | Reached XP level 4. HP: 27/30 MP: 2/8
  2076 | D:2      | Found a hazy altar of Hepliaklqana.
  2076 | D:2      | Found a sparkling altar of Nemelex Xobeh.
  2077 | D:2      | Found a basalt altar of Yredelemnul.
  2077 | D:2      | Found a glowing silver altar of Zin.
  2079 | D:2      | Found an opulent altar of Gozag.
  2079 | D:2      | Found an ornate altar of the Wu Jian Council.
  2080 | D:2      | Found a shattered altar of Ashenzari.
  2769 | D:4      | Reached skill level 1 in Shields
  2841 | D:4      | Reached XP level 5. HP: 31/35 MP: 4/10
  2914 | D:4      | Learned a level 4 spell: Hailstorm
  2980 | D:4      | Reached skill level 5 in Ice Magic
  3078 | D:4      | Gained mutation: You have hoof-like feet. [demonic
                  | ancestry]
  3078 | D:4      | Reached XP level 6. HP: 40/41 MP: 5/11
  3140 | D:4      | Noticed Natasha
  3147 | D:4      | Killed Natasha
  3147 | D:4      | Reached skill level 4 in Spellcasting
  3322 | D:4      | Noticed an ice beast
  3366 | D:4      | Noticed Natasha
  3374 | D:4      | Killed Natasha
  3374 | D:4      | Reached skill level 1 in Conjurations
  3416 | D:4      | Noticed Natasha
  3431 | D:4      | Killed Natasha
  3609 | D:4      | Killed an ice beast
  3794 | D:4      | Reached XP level 7. HP: 46/46 MP: 9/13
  4062 | D:4      | Noticed Grinder
  4085 | D:5      | Entered Level 5 of the Dungeon
  4107 | D:5      | Found a staircase to the Ecumenical Temple.
  4122 | D:5      | Found a glowing drain.
  4128 | D:5      | Found Gediphas's Jewellery Emporium.
  4140 | Temple   | Entered the Ecumenical Temple
  4156 | Temple   | Became a worshipper of Sif Muna the Loreminder
  4195 | Sewer    | Entered a sewer
  4573 | Sewer    | Reached * piety under Sif Muna
  5083 | D:5      | Bought the cursed ring "Ukaum" {rC- AC-4 SInv Stlth+} for
                  | 35 gold pieces
  5106 | D:5      | Reached skill level 5 in Spellcasting
  5149 | D:5      | Noticed Pikel
  5163 | D:5      | Killed Pikel
  5163 | D:5      | Gained mutation: You are partially covered in sharp spines.
                  | [demonic ancestry]
  5163 | D:5      | Reached XP level 8. HP: 35/52 MP: 7/16
  5286 | D:5      | Found a shadowy altar of Dithmenos.
  5297 | D:5      | Reached skill level 6 in Spellcasting
  5430 | D:5      | Found Unoumun's Antique Armour Emporium.
  5468 | D:5      | Found Puntasyck's Antique Armour Boutique.
  5473 | D:5      | Bought a heavily runed leather armour for 175 gold pieces
  5483 | D:5      | Identified the +3 leather armour of Qoenwid {rElec Regen+
                  | Str-5 Int+4} (You bought it in a shop on level 5 of the
                  | Dungeon)
  5511 | D:5      | Found Nuqius's Weapon Shoppe.
  5691 | D:5      | Found Luibiant's Magic Scroll Boutique.
  5698 | D:5      | Bought a scroll of magic mapping for 38 gold pieces
  6558 | D:6      | Reached ** piety under Sif Muna
  6853 | D:7      | Reached XP level 9. HP: 57/57 MP: 16/19
  6929 | D:7      | Reached skill level 7 in Spellcasting
  7652 | D:8      | Reached *** piety under Sif Muna
  7680 | D:8      | Found Lypruon's Food Emporium.
  7757 | D:8      | Reached skill level 8 in Spellcasting
  7757 | D:8      | Reached skill level 5 in Conjurations
  7788 | D:8      | Found Efaosisu's General Store.
  7794 | D:8      | Learned a level 4 spell: Summon Ice Beast
  7888 | D:8      | Reached skill level 1 in Invocations
  8131 | D:8      | Reached skill level 1 in Fighting
  8131 | D:8      | Reached skill level 1 in Evocations
  8152 | D:8      | Gained mutation: You sometimes gain a little power by
                  | taking damage. [demonic ancestry]
  8152 | D:8      | Reached XP level 10. HP: 65/65 MP: 15/22
  8202 | D:8      | Found Vuuliq's Food Shoppe.
  8259 | D:8      | Found Wisagh's Antique Armour Boutique.
  8418 | D:8      | Reached **** piety under Sif Muna
  8460 | D:8      | Found a staircase to the Lair.
  8941 | D:4      | Killed Grinder
  9192 | Lair:1   | Entered Level 1 of the Lair of Beasts
  9335 | D:9      | Found an ancient bone altar of Kikubaaqudgha.
  9721 | D:9      | Found Haliac's Distillery.
  9888 | D:9      | Found Vaoleh's Gadget Shoppe.
 10025 | D:9      | Reached skill level 9 in Spellcasting
 10029 | D:9      | Reached ***** piety under Sif Muna
 10037 | D:9      | Identified Sif Muna's Disquisition on Arcane Weapons (Sif
                  | Muna gifted it to you on level 9 of the Dungeon)
 10037 | D:9      | Received a gift from Sif Muna
 10220 | D:9      | Reached XP level 11. HP: 68/75 MP: 21/24
 10390 | D:9      | Noticed a two-headed ogre
 10406 | D:9      | Killed a two-headed ogre
 10571 | D:10     | Entered Level 10 of the Dungeon
 10951 | D:10     | Noticed an unseen horror
 10956 | D:10     | Killed an unseen horror
 10956 | D:10     | Reached skill level 5 in Invocations
 11148 | D:10     | Noticed Harold
 11162 | D:10     | Killed Harold
 11162 | D:10     | Reached skill level 10 in Ice Magic
 11163 | D:10     | Killed an unseen horror
 11834 | D:5      | Bought a scroll of remove curse for 33 gold pieces
 11834 | D:5      | Bought a scroll of identify for 22 gold pieces
 11889 | D:5      | Bought a pair of encrusted boots for 237 gold pieces
 11899 | D:5      | Identified the cursed +0 pair of boots "Neb Zai" {rN++
                  | Dex+2} (You bought it in a shop on level 5 of the Dungeon)
 11910 | D:5      | Learned a level 2 spell: Swiftness
 11915 | D:5      | Learned a level 4 spell: Airstrike
 12129 | D:11     | Found a portal to a secret trove of treasure.
 12382 | D:11     | Received a gift from Sif Muna
 12382 | D:11     | Reached skill level 10 in Spellcasting
 12422 | D:11     | Reached skill level 1 in Air Magic
 12423 | D:11     | Noticed Josephine
 12562 | D:11     | Killed Josephine
 12635 | D:11     | Reached XP level 12. HP: 82/82 MP: 26/26
 13810 | Lair:1   | Reached skill level 5 in Dodging
 14154 | Lair:2   | Noticed a six-headed hydra
 14158 | Lair:2   | Killed a six-headed hydra
 14158 | Lair:2   | Reached skill level 5 in Evocations
 14649 | Lair:3   | Noticed Prince Ribbit
 14658 | Lair:3   | Reached skill level 5 in Fighting
 14685 | Lair:3   | Killed Prince Ribbit
 14759 | Lair:3   | Found a frozen archway.
 14797 | IceCv    | Entered an ice cave
 14928 | IceCv    | Received a gift from Sif Muna
 15052 | IceCv    | Reached XP level 13. HP: 33/90 MP: 9/27
 15190 | IceCv    | Reached skill level 11 in Spellcasting
 15432 | IceCv    | Identified the Volume of the Last Shrikes
 15949 | IceCv    | Noticed a frost giant
 15975 | IceCv    | Killed a frost giant
 16803 | Lair:3   | Found a shimmering altar of Xom.
 16803 | Lair:3   | Noticed sirjames's ghost (journeyman DEFE)
 16804 | Lair:3   | Found a runed translucent door.
 17106 | Lair:3   | Found a staircase to the Shoals.
 17410 | Lair:3   | Found a hole to the Spider Nest.
 17864 | Lair:3   | Got a slimy cloak
 17874 | Lair:3   | Identified the cursed +0 cloak of Truth {rPois Slay+2} (You
                  | found it on level 3 of the Lair of Beasts)
 18059 | Lair:4   | Found a dark tunnel.
 18105 | Volcano  | Entered a volcano
 18799 | Lair:4   | Identified Usyirr's Disquisition on Blistering Enhancements
                  | (Sif Muna gifted it to you on level 4 of the Lair of
                  | Beasts)
 18799 | Lair:4   | Received a gift from Sif Muna
 19181 | Lair:4   | Gained mutation: You are mostly covered in sharp spines.
                  | [demonic ancestry]
 19181 | Lair:4   | Reached XP level 14. HP: 78/99 MP: 20/29
 20127 | Lair:5   | Found a staircase to the Slime Pits.
 20798 | Lair:5   | Reached skill level 12 in Spellcasting
 20859 | Lair:6   | Entered Level 6 of the Lair of Beasts
 21002 | Lair:6   | Reached skill level 5 in Air Magic
 21211 | Lair:6   | Identified Otoucopp's Catalogue of the Displaced Frostbite
                  | (Sif Muna gifted it to you on level 6 of the Lair of
                  | Beasts)
 21211 | Lair:6   | Received a gift from Sif Muna
 21253 | Lair:6   | Learned a level 6 spell: Ozocubu's Refrigeration
 21263 | Lair:6   | Learned a level 9 spell: Absolute Zero
 22570 | Lair:3   | Reached skill level 10 in Invocations
 22577 | Lair:3   | Killed sirjames's ghost
 23103 | D:12     | Found a staircase to the Orcish Mines.
 23356 | Orc:1    | Entered Level 1 of the Orcish Mines
 23423 | Orc:1    | Gained mutation: You are partially covered in iridescent
                  | scales. (AC +2) [demonic ancestry]
 23423 | Orc:1    | Reached XP level 15. HP: 92/106 MP: 28/31
 23530 | Orc:2    | Entered Level 2 of the Orcish Mines
 23605 | Orc:2    | Noticed Saint Roka
 23689 | Orc:2    | Identified Sif Muna's Almanac of Quantum Weightlessness
                  | (Sif Muna gifted it to you on level 2 of the Orcish Mines)
 23689 | Orc:2    | Received a gift from Sif Muna
 23709 | Orc:2    | Killed Saint Roka
 23819 | Orc:2    | Noticed Blork the orc
 23917 | Orc:2    | Killed Blork the orc
 23941 | Orc:1    | Found Tumin's Book Emporium.
 23941 | Orc:1    | Found Efecefihu's General Store.
 23941 | Orc:1    | Found Qyudom's General Store.
 24109 | Orc:1    | Found Bovitryt's Assorted Antiques.
 24148 | Orc:1    | Found Ydimimm's Distillery.
 24469 | Orc:2    | Noticed Sonja
 24471 | Orc:2    | Killed Sonja
 24585 | Orc:2    | Found a staircase to the Elven Halls.
 24635 | Orc:2    | Noticed an orc warlord
 24638 | Orc:2    | Found a roughly hewn altar of Beogh.
 24643 | Orc:2    | Killed an orc warlord
 24679 | Orc:2    | Found Qofraima's Antique Armour Emporium.
 24695 | Orc:2    | Found Seeq Foci's Jewellery Emporium.
 24889 | Orc:2    | Bought a chain mail for 117 gold pieces
 24889 | Orc:2    | Bought a dull robe for 148 gold pieces
 25056 | Orc:2    | Found Ebrew's Antique Weapon Emporium.
 25187 | Orc:2    | Found Vita's General Store.
 25812 | D:13     | Identified Sif Muna's Incunabulum of the Blaze and Curses
                  | (Sif Muna gifted it to you on level 13 of the Dungeon)
 25812 | D:13     | Received a gift from Sif Muna
 25915 | D:13     | Found a gate to the Vaults.
 26121 | D:13     | Reached skill level 13 in Spellcasting
 26361 | D:13     | Found Ryliunit's Magic Scroll Boutique.
 26364 | D:13     | Bought a scroll of blinking for 120 gold pieces
 26479 | D:14     | Found a snail-covered altar of Cheibriados.
 27333 | D:15     | Entered Level 15 of the Dungeon
 27569 | D:15     | Reached skill level 10 in Conjurations
 27760 | D:15     | Gained mutation: You have hooves in place of feet. [demonic
                  | ancestry]
 27760 | D:15     | Reached XP level 16. HP: 116/116 MP: 12/33
 27921 | D:15     | Found a staircase to the Depths.
 28890 | Spider:1 | Entered Level 1 of the Spider Nest
 29257 | Spider:1 | Found the +27 Lear's hauberk
 29268 | Spider:1 | Identified Ymischao's Almanac of Fetching Heat (Sif Muna
                  | gifted it to you on level 1 of the Spider Nest)
 29268 | Spider:1 | Received a gift from Sif Muna
 29382 | Spider:1 | Learned a level 5 spell: Irradiate
 30663 | Spider:2 | Reached skill level 1 in Transmutations
 30945 | Spider:2 | Noticed Arachne
 31048 | Spider:2 | Killed Arachne
 31933 | Spider:3 | Identified Sif Muna's Incunabulum of Stones and
                  | Weightlessness (Sif Muna gifted it to you on level 3 of the
                  | Spider Nest)
 31933 | Spider:3 | Received a gift from Sif Muna
 32367 | Spider:3 | Noticed Azrael
 32373 | Spider:3 | Killed Azrael
 32843 | Spider:3 | Gained mutation: You are mostly covered in iridescent
                  | scales. (AC +4) [demonic ancestry]
 32843 | Spider:3 | Reached XP level 17. HP: 119/124 MP: 28/34
 33027 | Spider:4 | Entered Level 4 of the Spider Nest
 33195 | Spider:4 | Identified Sif Muna's Handbook of Ghastly Changing (Sif
                  | Muna gifted it to you on level 4 of the Spider Nest)
 33195 | Spider:4 | Received a gift from Sif Muna
 33199 | Spider:4 | Reached skill level 14 in Spellcasting
 33989 | Spider:4 | Noticed Nikola
 34002 | Spider:4 | Killed Nikola
 34721 | Spider:4 | Identified Huoff's Almanac of Gliding Black Magic (Sif Muna
                  | gifted it to you on level 4 of the Spider Nest)
 34721 | Spider:4 | Received a gift from Sif Muna
 35013 | Spider:4 | Got a gossamer rune of Zot
 35396 | Shoals:1 | Entered Level 1 of the Shoals
 37155 | Shoals:2 | Reached skill level 10 in Fighting
 37159 | Shoals:2 | Gained mutation: You are robust. (+10% HP) [demonic
                  | ancestry]
 37159 | Shoals:2 | Reached XP level 18. HP: 121/147 MP: 16/36
 37486 | Shoals:3 | Noticed Jorgrun
 37498 | Shoals:3 | Killed Jorgrun
 37498 | Shoals:3 | Reached skill level 10 in Evocations
 37521 | Shoals:3 | Found Xura's Assorted Antiques.
 37535 | Shoals:3 | Received a gift from Sif Muna
 37769 | Shoals:3 | Found Anwiugh's Magic Scroll Boutique.
 37823 | Shoals:3 | Bought a scroll of identify for 24 gold pieces
 37823 | Shoals:3 | Bought a scroll of summoning for 114 gold pieces
 37823 | Shoals:3 | Bought a scroll of fear for 42 gold pieces
 37823 | Shoals:3 | Bought a scroll of blinking for 90 gold pieces
 37903 | Shoals:3 | Found Xuyqe's Assorted Antiques.
 37914 | Shoals:3 | Bought a knobbly runed staff for 300 gold pieces
 37914 | Shoals:3 | Bought an embroidered robe for 92 gold pieces
 37987 | Shoals:3 | Found Zuasmual's Book Shop.
 38379 | Shoals:3 | Found Vefoc's Food Boutique.
 38480 | Shoals:4 | Entered Level 4 of the Shoals
 38522 | Shoals:4 | Found the +8 demon trident "Rift" {distort, reach+}
 38879 | Shoals:4 | Found Tivur's Jewellery Boutique.
 38889 | Shoals:4 | Bought the ring "Hauc" {rF+ Dex+4 SInv} for 635 gold pieces
 39010 | Shoals:4 | Noticed Polyphemus
 39017 | Shoals:4 | Killed Polyphemus
 39073 | Shoals:4 | Reached skill level 15 in Ice Magic
 39077 | Shoals:4 | Noticed Aizul
 39237 | Shoals:4 | Reached skill level 5 in Transmutations
 39237 | Shoals:4 | Identified Sif Muna's Guide on the Glacier and Dark Magic
                  | (Sif Muna gifted it to you on level 4 of the Shoals)
 39237 | Shoals:4 | Received a gift from Sif Muna
 39238 | Shoals:4 | Reached skill level 15 in Spellcasting
 39241 | Shoals:4 | Killed Aizul
 39438 | Shoals:4 | Reached skill level 10 in Dodging
 39932 | Shoals:4 | Identified the Compendium of Arcane Weapons
 40137 | Shoals:4 | Got a barnacled rune of Zot
 40494 | Elf:1    | Entered Level 1 of the Elven Halls
 41573 | Elf:1    | Noticed Frances
 41582 | Elf:1    | Killed Frances
 41582 | Elf:1    | Reached XP level 19. HP: 140/156 MP: 0/38
 41953 | Elf:1    | Reached skill level 5 in Shields
 42035 | Elf:1    | Got a crude falchion
 42068 | Elf:1    | Identified the +5 falchion of Oenomania {freeze, *Rage rN+
                  | Dex+4} (You found it on level 1 of the Elven Halls)
 42220 | Elf:2    | Found a flickering gateway to a bazaar.
 42240 | Bazaar   | Entered a bazaar
 42262 | Bazaar   | Found Ecse's General Store.
 42270 | Bazaar   | Found Qopoezing's General Store.
 42280 | Bazaar   | Found Qayxkeo's Weapon Shop.
 42294 | Bazaar   | Found Nennidd's Jewellery Boutique.
 42345 | Bazaar   | Bought a scroll of identify for 12 gold pieces
 42345 | Bazaar   | Bought a box of beasts for 120 gold pieces
 42789 | Elf:2    | Found a huge runed translucent gate.
 42789 | Elf:2    | Found a huge runed translucent gate.
 42789 | Elf:2    | Found a huge runed translucent gate.
 42790 | Elf:2    | Found a huge runed translucent gate.
 42795 | Elf:2    | Found a huge runed translucent gate.
 43123 | Elf:2    | Identified Sif Muna's Reference Book on Ashen Cold (Sif
                  | Muna gifted it to you on level 2 of the Elven Halls)
 43123 | Elf:2    | Received a gift from Sif Muna
 43683 | Elf:3    | Entered Level 3 of the Elven Halls
 43772 | Elf:3    | Found Fazyscholo's Distillery.
 43772 | Elf:3    | Found Lurisch's Magic Scroll Emporium.
 43784 | Elf:3    | Bought a potion of experience for 650 gold pieces
 43784 | Elf:3    | Reached XP level 20. HP: 162/162 MP: 23/39
 44716 | Elf:3    | Learned a level 6 spell: Freezing Cloud
 45109 | Elf:3    | Identified the ring "Izxoitoi" {rPois rF+ MR+}
 45113 | Elf:3    | Identified a scroll of acquirement
 45272 | Elf:3    | Got the amulet of Naomi {+Fly rC++ Regen+ Int+8 Stlth-}
 45562 | Elf:3    | Identified the +5 long sword "Pysacs Rota" {freeze, rF+
                  | Dex+2 SInv}
 45702 | Elf:3    | Identified the Incunabulum of Flying Shape Shifting
 45710 | Elf:3    | Identified the amulet "Nyfa" {Inacc rF+ rC+} (You found it
                  | on level 3 of the Elven Halls)
 45718 | Elf:3    | Identified the cursed +3 hand crossbow of the Foot {penet,
                  | rElec Int+3 SInv} (You found it on level 3 of the Elven
                  | Halls)
 45932 | Elf:3    | Bought a scroll of acquirement for 1040 gold pieces
 46021 | Orc:2    | Bought an uncursed ring of wizardry for 420 gold pieces
 46231 | Vaults:1 | Entered Level 1 of the Vaults
 46239 | Vaults:1 | Reached skill level 16 in Spellcasting
 46440 | Vaults:1 | Gained mutation: You are very robust. (+20% HP) [demonic
                  | ancestry]
 46440 | Vaults:1 | Reached XP level 21. HP: 137/184 MP: 28/41
 46581 | Vaults:1 | Received a gift from Sif Muna
 46729 | Vaults:1 | Noticed a golden dragon
 46737 | Vaults:1 | Reached skill level 10 in Air Magic
 46744 | Vaults:1 | Killed a golden dragon
 46796 | Vaults:1 | Identified the ring "Mebb" {+Blink rC+ Str+4 Slay+3}
 47015 | Vaults:1 | Noticed a golden dragon
 47033 | Vaults:1 | Killed a golden dragon
 47915 | Vaults:1 | Found an opulent altar of Gozag.
 48032 | Vaults:1 | Reached skill level 15 in Invocations
 48714 | Vaults:2 | Identified Sif Muna's Incunabulum of Assistive
                  | Weightlessness (Sif Muna gifted it to you on level 2 of the
                  | Vaults)
 48714 | Vaults:2 | Received a gift from Sif Muna
 48890 | Vaults:2 | Reached skill level 10 in Shields
 50205 | Vaults:2 | Gained mutation: You are completely covered in iridescent
                  | scales. (AC +6) [demonic ancestry]
 50205 | Vaults:2 | Reached XP level 22. HP: 193/193 MP: 29/42
 50469 | Vaults:2 | Paralysed by a hornet for 2 turns
 50945 | Vaults:3 | Found a flickering gateway to a bazaar.
 51103 | Vaults:3 | Identified Sif Muna's Volume of Mutagenic Evil (Sif Muna
                  | gifted it to you on level 3 of the Vaults)
 51103 | Vaults:3 | Received a gift from Sif Muna
 51199 | Vaults:3 | Reached skill level 17 in Spellcasting
 51288 | Bazaar   | Entered a bazaar
 51288 | Bazaar   | Found Fuocis's Antique Armour Shop.
 51301 | Bazaar   | Found Zimy's General Store.
 51328 | Bazaar   | Found Bium Wum's Antique Weapon Shop.
 51401 | Vaults:3 | Found a staircase to the Crypt.
 52620 | Vaults:3 | Found a runed translucent gate.
 52621 | Vaults:3 | Found a runed translucent gate.
 52621 | Vaults:3 | Found a runed translucent gate.
 52621 | Vaults:3 | Noticed Ynisk's ghost (adept HaHu)
 52872 | Vaults:4 | Received a gift from Sif Muna
 53003 | Vaults:4 | Found a flickering gateway to a bazaar.
 53020 | Bazaar   | Entered a bazaar
 53107 | Bazaar   | Found Zoxuiloziva's Magic Scroll Shoppe.
 53107 | Bazaar   | Found Aryliq's Jewellery Emporium.
 53128 | Bazaar   | Found Seol's Weapon Shoppe.
 53128 | Bazaar   | Found Keezxishryho's Gadget Emporium.
 53149 | Bazaar   | Found Xiofel's Antique Weapon Shoppe.
 53184 | Bazaar   | Bought a crystal falchion for 112 gold pieces
 53185 | Bazaar   | Identified the cursed +1 falchion "Livaim" {freeze,
                  | *Corrode rElec rN+} (You bought it in a shop in a bazaar)
 54127 | Vaults:4 | Learned a level 6 spell: Starburst
 54184 | Vaults:5 | Entered Level 5 of the Vaults
 54256 | Vaults:5 | Paralysed by a sphinx for 4 turns
 54600 | Depths:1 | Entered Level 1 of the Depths
 54629 | Depths:1 | Found a shattered altar of Ashenzari.
 54675 | Depths:1 | Gained mutation: You sometimes gain power by taking damage.
                  | [demonic ancestry]
 54675 | Depths:1 | Reached XP level 23. HP: 200/200 MP: 29/44
 54771 | Depths:1 | Found a gateway to Hell.
 55319 | Depths:2 | Received a gift from Sif Muna
 55456 | Depths:2 | Found Uschirur's Antique Armour Shoppe.
 55464 | Depths:2 | Bought a faintly glowing robe for 245 gold pieces
 55474 | Depths:2 | Identified the +1 robe of a sewer {Str+4} (You bought it in
                  | a shop on level 2 of the Depths)
 55515 | Depths:2 | Found a gateway to a ziggurat.
 55653 | Depths:2 | Found a one-way gate leading to the halls of Pandemonium.
 56526 | Depths:3 | Noticed Xtahua
 56531 | Depths:3 | Killed Xtahua
 56535 | Depths:3 | Reached skill level 18 in Spellcasting
 56759 | Depths:3 | You fall into a shaft and drop 2 floors!
 56759 | Depths:5 | Entered Level 5 of the Depths
 57284 | Depths:5 | Found a gate to the Realm of Zot.
 57590 | Depths:5 | Identified Sif Muna's Catalogue of Black Rituals (Sif Muna
                  | gifted it to you on level 5 of the Depths)
 57590 | Depths:5 | Received a gift from Sif Muna
 58025 | Depths:5 | Paralysed by a great orb of eyes for 6 turns
 58050 | Depths:5 | Identified the +11 broad axe "Deasch" {protect, rElec rC+
                  | rN+ Str+3} (You found it on level 5 of the Depths)
 58173 | Depths:5 | Gained mutation: You are extremely robust. (+30% HP)
                  | [demonic ancestry]
 58173 | Depths:5 | Reached XP level 24. HP: 152/224 MP: 35/45
 58346 | Depths:5 | Found a one-way gate to the infinite horrors of the Abyss.
 59465 | Depths:4 | Identified Sytsol's Grimoire of Damaging Displacement (Sif
                  | Muna gifted it to you on level 4 of the Depths)
 59465 | Depths:4 | Received a gift from Sif Muna
 61234 | Depths:3 | Noticed an ancient lich
 61242 | Depths:4 | Killed an ancient lich
 61898 | Depths:3 | Identified Sif Muna's Catalogue of Battle Magic (Sif Muna
                  | gifted it to you on level 3 of the Depths)
 61898 | Depths:3 | Received a gift from Sif Muna
 62077 | Depths:3 | Noticed Margery
 62084 | Depths:3 | Killed Margery
 62309 | Depths:3 | Reached skill level 19 in Spellcasting
 62309 | Depths:3 | Gained mutation: You are completely covered in sharp
                  | spines. [demonic ancestry]
 62309 | Depths:3 | Reached XP level 25. HP: 222/235 MP: 45/46
 63165 | Hell     | Entered the Vestibule of Hell
 63166 | Hell     | Noticed Murray
 63170 | Hell     | Noticed Geryon
 63173 | Hell     | Gained mutation: You are powered by pain. [demonic
                  | ancestry]
 63173 | Hell     | Reached XP level 26. HP: 234/244 MP: 19/46
 63184 | Hell     | Killed Geryon
 63185 | Hell     | Killed Murray
 63551 | Hell     | Reached skill level 15 in Conjurations
 63842 | Hell     | Found a gateway to the freezing wastes of Cocytus.
 63871 | Hell     | Identified Pusmea's Guide on Sinister Rites and Summoning
                  | (Sif Muna gifted it to you in the Vestibule of Hell)
 63871 | Hell     | Received a gift from Sif Muna
 64033 | Hell     | Found a gateway to the decaying netherworld of Tartarus.
 64393 | Hell     | Found a gateway to the ashen valley of Gehenna.
 64489 | Hell     | Found a gateway to the Iron City of Dis.
 65001 | Vaults:3 | Learned a level 7 spell: Orb of Destruction
 65280 | Vaults:3 | Identified the +1 quarterstaff "Zonlovir" {distort, Dex+4}
                  | (You found it on level 3 of the Vaults)
 66328 | Vaults:5 | Identified the ring "Nifyed" {rF+ rC+ Str+6}
 66546 | Vaults:5 | Identified the Handbook of Boosting Lightness
 66549 | Vaults:5 | Identified the Compendium of Creation
 66879 | Vaults:5 | Received a gift from Sif Muna
 67001 | Vaults:5 | Reached skill level 15 in Shields
 67045 | Vaults:5 | Identified the +1 dagger of Festooned Tortfeasance {venom,
                  | rElec Stlth+} (You found it on level 5 of the Vaults)
 67066 | Vaults:5 | Identified the Tome of the Ageless Invaders
 67082 | Vaults:5 | Identified the +3 double sword of Valiance {venom, *Contam
                  | rElec rC++ Stlth+}
 67390 | Vaults:5 | Found Facefynk's Food Emporium.
 67576 | Vaults:5 | Found Acuel's Distillery.
 67580 | Vaults:5 | Bought a potion of haste for 120 gold pieces
 67580 | Vaults:5 | Bought a potion of mutation for 96 gold pieces
 67580 | Vaults:5 | Bought a potion of heal wounds for 60 gold pieces
 67674 | Vaults:5 | Found Yryse's Food Boutique.
 67841 | Vaults:5 | Reached skill level 20 in Spellcasting
 67979 | Vaults:5 | Got a sparkling iron amulet
 67980 | Vaults:5 | Identified the amulet of Honesty {Inacc +Blink rC+} (You
                  | found it on level 5 of the Vaults)
 67983 | Vaults:5 | Got a silver rune of Zot
 68553 | Depths:3 | Voluntarily entered the Abyss.
 68555 | Abyss:1  | Found a corrupted altar of Lugonu.
 68789 | Abyss:2  | Reached XP level 27. HP: 256/256 MP: 28/47
 68953 | Abyss:3  | Found a corrupted altar of Lugonu.
 69024 | Abyss:3  | Identified Sif Muna's Collected Works on Earthen
                  | Transmigration (Sif Muna gifted it to you on level 3 of the
                  | Abyss)
 69024 | Abyss:3  | Received a gift from Sif Muna
 69037 | Abyss:3  | Got an abyssal rune of Zot
 69048 | Depths:3 | Escaped the Abyss
 69338 | D:11     | You showed the abyssal rune of Zot to enter a treasure
                  | trove
 69339 | Trove    | Entered a treasure trove
 69426 | Trove    | Got a pair of scorched gloves
 69436 | Trove    | Identified the +1 pair of gloves "Beufat" {Dex+4} (You
                  | found it in a treasure trove)
 69445 | Trove    | Got a heavily runed cloak
 69455 | Trove    | Identified the +1 cloak "Cubiwn" {Harm} (You found it in a
                  | treasure trove)
 69464 | Trove    | Got a masterwork scale mail
 69485 | D:11     | Identified the +6 scale mail "Juhumn" {Int-4 Dex+5 Stlth+}
                  | (You found it in a treasure trove)
 69690 | Slime:1  | Entered Level 1 of the Pits of Slime
 69875 | Slime:5  | Entered Level 5 of the Pits of Slime
 69880 | Slime:5  | Reached skill level 10 in Transmutations
 70249 | Slime:5  | Noticed the Royal Jelly
 70256 | Slime:5  | Killed the Royal Jelly
 70630 | Slime:5  | Found the +8 lance "Wyrmbane" {slay drac, rPois rF+ rC+
                  | AC+3}
 70798 | Slime:5  | Identified Piorutz's Guide on Earth and Unholy Arts
 70821 | Slime:5  | Identified the +5 chain mail of Ananoiv {rF- rC+ MR+} (You
                  | found it on level 5 of the Pits of Slime)
 70823 | Slime:5  | Identified the +5 ring mail of Beyc {rCorr} (You found it
                  | on level 5 of the Pits of Slime)
 70842 | Slime:5  | Got a fine mace
 70845 | Slime:5  | Got an encrusted great mace
 70853 | Slime:5  | Identified the +3 leather armour of Light {rPois Regen+}
                  | (You found it on level 5 of the Pits of Slime)
 70858 | Slime:5  | Identified the +7 mace "Axyitu Edex" {freeze, rPois rN+
                  | Int+4} (You found it on level 5 of the Pits of Slime)
 70859 | Slime:5  | Identified the +4 great mace of Ragnarok {elec, MR++ Str+6
                  | Dex-3} (You found it on level 5 of the Pits of Slime)
 70878 | Slime:5  | Identified the Guide on Translocation and Bewitchment
 70899 | Slime:5  | Got a slimy rune of Zot
 70960 | Slime:5  | Learned a level 8 spell: Necromutation
 70963 | Slime:5  | Learned a level 2 spell: Blink
 71335 | Pan      | Entered Pandemonium
 71649 | Pan      | Reached skill level 1 in Necromancy
 72274 | Pan      | Noticed Wunol the pandemonium lord
 72280 | Pan      | Killed Wunol the pandemonium lord
 74533 | Pan      | Received a gift from Sif Muna
 74955 | Pan      | Noticed Wint the pandemonium lord
 74959 | Pan      | Killed Wint the pandemonium lord
 75274 | Pan      | Reached skill level 5 in Necromancy
 75576 | Pan      | Identified the +4 hunting sling of Decaying Subterfuge
                  | {vorpal, Int+2}
 75963 | Pan      | Cast into level 2 of the Abyss (chaos spawn)
 75990 | Pan      | Escaped the Abyss
 76025 | Pan      | Gained mutation: You are clumsy. (Dex -2) [a neqoxec]
 76194 | Pan      | Received a gift from Sif Muna
 76200 | Pan      | Noticed Febit the pandemonium lord
 76206 | Pan      | Killed Febit the pandemonium lord
 76793 | Pan      | Noticed Lurink the pandemonium lord
 76803 | Pan      | Killed Lurink the pandemonium lord
 77157 | Pan      | Found an exit through the horrors of the Abyss.
 77168 | Pan      | Reached skill level 21 in Spellcasting
 77667 | Pan      | Gained mutation: Your body sometimes deteriorates upon
                  | taking damage. [a neqoxec]
 77936 | Depths:2 | Escaped Pandemonium
 77947 | Depths:2 | Lost mutation: You are clumsy. (Dex -2) [potion of
                  | mutation]
 77947 | Depths:2 | Lost mutation: Your body sometimes deteriorates upon taking
                  | damage. [potion of mutation]
 77947 | Depths:2 | Gained mutation: You tend to lose your temper in combat.
                  | [potion of mutation]
 77947 | Depths:2 | Gained mutation: Your system is resistant to poisons.
                  | (rPois) [potion of mutation]
 77947 | Depths:2 | Gained mutation: You are resistant to hostile enchantments.
                  | (MR+) [potion of mutation]
 77947 | Depths:2 | Lost mutation: You tend to lose your temper in combat.
                  | [potion of mutation]
 77952 | Pan      | Entered Pandemonium
 78254 | Pan      | Gained mutation: You are dopey. (Int -2) [mutagenic glow]
 78589 | Pan      | Noticed Vitsotwe the pandemonium lord
 78591 | Pan      | Killed Vitsotwe the pandemonium lord
 78607 | Pan      | Identified Sif Muna's Handbook of Greatest Risks and
                  | Utility (Sif Muna gifted it to you in Pandemonium)
 78607 | Pan      | Received a gift from Sif Muna
 79364 | Pan      | Gained mutation: Armour fits poorly on your strangely
                  | shaped body. [mutagenic glow]
 80018 | Pan      | Entered the realm of Cerebov.
 80464 | Pan      | Identified the +1 robe of Gozag's Inspiration {rElec rC+
                  | rN++ rCorr}
 80464 | Pan      | Identified the ring of Himijuap {rF+ rCorr}
 80468 | Pan      | Identified Sif Muna's Catalogue of Stolen Souls and
                  | Summoning (Sif Muna gifted it to you in Pandemonium)
 80468 | Pan      | Received a gift from Sif Muna
 80476 | Pan      | Identified the ring of Moderation {rF+ Dex+6 Stlth+}
 81318 | Pan      | Identified the +12 battleaxe of the Thoughtful Nights
                  | {vorpal, Str-4 Dex+6}
 81318 | Pan      | Identified the ring "Tyofas Qeghe" {rPois Dex+2}
 81456 | Pan      | Identified the +6 sword of Cerebov {flame}
 81456 | Pan      | Noticed Cerebov
 81461 | Pan      | Killed Cerebov
 81461 | Pan      | Reached skill level 10 in Necromancy
 81491 | Pan      | Identified Funag's Guide on Creative Ignition
 81494 | Pan      | Got a fiery rune of Zot
 82033 | Pan      | Noticed Hause the pandemonium lord
 82039 | Pan      | Killed Hause the pandemonium lord
 82449 | Pan      | Identified Sif Muna's Reference Book on Warped Venom (Sif
                  | Muna gifted it to you in Pandemonium)
 82449 | Pan      | Received a gift from Sif Muna
 83728 | Pan      | Found a huge runed translucent gate.
 83728 | Pan      | Found a huge runed translucent gate.
 83729 | Pan      | Found a huge runed translucent gate.
 83733 | Pan      | Found a huge runed translucent gate.
 83733 | Pan      | Found a huge runed translucent gate.
 83733 | Pan      | Found a huge runed translucent gate.
 83733 | Pan      | Found a huge runed translucent gate.
 83902 | Pan      | Gained mutation: Potions are less effective at restoring
                  | your health. [a cacodemon]
 85555 | Pan      | Gained mutation: You are clumsy. (Dex -2) [mutagenic glow]
 85759 | Pan      | Noticed Ziris the pandemonium lord
 85766 | Pan      | Killed Ziris the pandemonium lord
 85771 | Pan      | Reached skill level 15 in Transmutations
 85812 | Pan      | Reached skill level 15 in Air Magic
 86288 | Pan      | Identified Sif Muna's Guide on Weightlessness and Creation
                  | (Sif Muna gifted it to you in Pandemonium)
 86288 | Pan      | Received a gift from Sif Muna
 86412 | Pan      | Reached skill level 22 in Spellcasting
 86636 | Pan      | Found a runed translucent door.
 86656 | Pan      | Got a demonic rune of Zot
 87489 | Pan      | Identified the +3 great sword of Cheese {vorpal, rN+ Int-2
                  | Dex+4} (You found it in Pandemonium)
 88188 | Pan      | Lost mutation: Armour fits poorly on your strangely shaped
                  | body. [potion of mutation]
 88188 | Pan      | Lost mutation: You are resistant to hostile enchantments.
                  | (MR+) [potion of mutation]
 88188 | Pan      | Lost mutation: Potions are less effective at restoring your
                  | health. [potion of mutation]
 88188 | Pan      | Lost mutation: You are clumsy. (Dex -2) [potion of
                  | mutation]
 88188 | Pan      | Gained mutation: Your natural rate of healing is unusually
                  | fast. [potion of mutation]
 88566 | Pan      | Noticed Uqiar the pandemonium lord
 88598 | Pan      | Killed Uqiar the pandemonium lord
 89054 | Pan      | Entered the realm of Mnoleg.
 89358 | Pan      | Found an exit through the horrors of the Abyss.
 89400 | Pan      | Noticed Mnoleg
 89438 | Pan      | Killed Mnoleg
 89506 | Pan      | Got a glowing rune of Zot
 89547 | Pan      | Paralysed by a floating eye for 3 turns
 89738 | Pan      | Noticed Kief the pandemonium lord
 89746 | Pan      | Killed Kief the pandemonium lord
 90337 | Pan      | Reached skill level 15 in Fighting
 90338 | Pan      | Entered the realm of Gloorx Vloq.
 90986 | Pan      | Reached ****** piety under Sif Muna
 91187 | Pan      | Noticed Gloorx Vloq
 91194 | Pan      | Killed Gloorx Vloq
 91354 | Pan      | Got a dark rune of Zot
 91668 | Pan      | Entered the realm of Lom Lobon.
 91668 | Pan      | Noticed Lom Lobon
 91669 | Pan      | Killed Lom Lobon
 91673 | Pan      | Reached skill level 1 in Polearms
 91674 | Pan      | Got a magical rune of Zot
 92116 | Depths:2 | Escaped Pandemonium
 92180 | Zot:1    | Entered Level 1 of the Realm of Zot
 92325 | Zot:1    | Noticed an ancient lich
 92426 | Zot:1    | Killed an ancient lich
 92473 | Zot:1    | Reached skill level 5 in Polearms
 92819 | Zot:1    | Identified the +10 long sword "Jellyslayer" {vorpal, rElec}
                  | (You found it on level 1 of the Realm of Zot)
 93298 | Zot:1    | Reached skill level 23 in Spellcasting
 93822 | Zot:2    | Reached skill level 15 in Necromancy
 93847 | Zot:2    | Identified the Disquisition on the Oath and Stones
 94868 | Zot:2    | Noticed an orb of fire
 94871 | Zot:2    | Killed an orb of fire
 97082 | Zot:4    | Identified the Handbook of the Dusty Oath
 97194 | Zot:5    | Entered Level 5 of the Realm of Zot
 97609 | Zot:5    | Got a flickering brass ring
 97610 | Zot:5    | Identified the cursed ring of Siptesti {rPois AC-4 Str+8
                  | Int-4 Dex+2 Stlth+} (You found it on level 5 of the Realm
                  | of Zot)
 97783 | Zot:5    | Found the +3 robe of Clouds {+Thunder rCloud rElec}
 97851 | Zot:5    | Noticed an ancient lich
 97853 | Zot:5    | Killed an ancient lich
 97857 | Zot:5    | Noticed an ancient lich
 97859 | Zot:5    | Killed an ancient lich
 97981 | Zot:5    | Noticed an orb of fire
 97981 | Zot:5    | Noticed an ancient lich
 97983 | Zot:5    | Killed an orb of fire
 97984 | Zot:5    | Killed an ancient lich
 97984 | Zot:5    | Reached skill level 15 in Dodging
 97991 | Zot:5    | Noticed an orb of fire
 97994 | Zot:5    | Noticed an orb of fire
 97996 | Zot:5    | Killed an orb of fire
 97997 | Zot:5    | Killed an orb of fire
 98008 | Zot:5    | Noticed an orb of fire
 98016 | Zot:5    | Killed an orb of fire
 98026 | Zot:5    | Noticed an orb of fire
 98028 | Zot:5    | Killed an orb of fire
 98625 | Zot:5    | Learned a level 9 spell: Tornado
 98871 | Geh:1    | Entered Level 1 of Gehenna
 99679 | Geh:4    | Reached skill level 24 in Spellcasting
100341 | Geh:7    | Entered Level 7 of Gehenna
100728 | Geh:7    | Identified the +7 sceptre of Asmodeus
100728 | Geh:7    | Noticed Asmodeus
100740 | Geh:7    | Killed Asmodeus
100740 | Geh:7    | Reached skill level 10 in Polearms
100867 | Geh:7    | Got an obsidian rune of Zot
101847 | Hell     | Upgraded the game from 0.26-a0-53-g45f243fec8 to
                  | 0.26-a0-61-g6c07f0ee8d
101880 | Dis:1    | Entered Level 1 of the Iron City of Dis
103877 | Dis:7    | Entered Level 7 of the Iron City of Dis
103884 | Dis:7    | HP: 1/278 [iron giant/+0 dire flail (19)]
104881 | Dis:7    | Found a huge runed gate.
104881 | Dis:7    | Found a huge runed gate.
104881 | Dis:7    | Found a huge runed gate.
104882 | Dis:7    | Found a huge runed gate.
104882 | Dis:7    | Found a huge runed gate.
104883 | Dis:7    | Found a huge runed gate.
104884 | Dis:7    | Found a huge runed gate.
104885 | Dis:7    | Found a huge runed gate.
105697 | Dis:7    | Identified the +4 staff of Dispater
105697 | Dis:7    | Noticed Dispater
105711 | Dis:7    | Reached skill level 25 in Spellcasting
105712 | Dis:7    | Killed Dispater
105997 | Dis:7    | Identified the Guide on the Mountains and Calling
106000 | Dis:7    | Got a heavily jewelled robe
106074 | Dis:7    | Got an iron rune of Zot
106235 | Coc:1    | Entered Level 1 of Cocytus
107095 | Coc:7    | Entered Level 7 of Cocytus
107359 | Coc:7    | Identified the Grimoire of Earthen Companions
107397 | Coc:7    | Got a shadowed robe
107815 | Coc:7    | Identified the +1 robe of the Four Knives {-Cast Regen+
                  | rCorr} (You found it on level 7 of Cocytus)
107818 | Coc:7    | Identified the +2 robe of Impressiveness {rF+ Str+4} (You
                  | found it on level 7 of the Iron City of Dis)
107888 | Coc:7    | Noticed Antaeus
107896 | Coc:7    | Reached skill level 15 in Evocations
107898 | Coc:7    | Killed Antaeus
107932 | Coc:7    | Got an icy rune of Zot
108016 | Tar:1    | Entered Level 1 of Tartarus
108527 | Tar:7    | Entered Level 7 of Tartarus
108707 | Tar:7    | Found the +7 Kryia's mail coat {PotionHeal*2 rC+}
108707 | Tar:7    | Found the +7 lajatang of Order {silver, rMut}
108729 | Tar:7    | HP: 12/284 [reaper/+5 scythe of venom (17)]
108759 | Tar:7    | HP: 10/284 [reaper/+1 scythe of flaming (24)]
108759 | Tar:7    | Slain by a shadow wraith

Illustrated notes

Levels and vault maps discovered:
D:1:      matt_arrival_spirals, layout_basic, serial_bayou_pond_b,
          minmay_misc_feat_encased
D:2:      layout_basic, grunt_temple_overflow_open, uniq_robin
D:3:      layout_rooms, wad_floor_pattern_untrapped
D:4:      layout_rooms, first_ration, minmay_divided_ellipse, uniq_natasha,
          uniq_grinder
D:5:      layout_loops_ring, temple_pool_b, cheibrodos_sewer_entry_drain,
          serial_shops, shop_statue, nicolae_shop_stone, shop, shop,
          shop_fountains, grunt_dithmenos_shadows, uniq_pikel
D:6:      layout_cave_pods, minmay_fire_ice_demons
D:7:      layout_basic
D:8:      layout_basic, lair_entry_dummy, serial_shops, shop,
          nicolae_shop_statue_plus, shop, shop
D:9:      layout_cave_pods, kennysheep_mini, special_room [special_room_kobold],
          serial_shops, nicolae_shop_waterfront, shop_statue, serial_rivers,
          chequers_serial_rivers_small_b, chequers_serial_rivers_micro_a,
          chequers_serial_rivers_micro_c, chequers_serial_rivers_room_b,
          grunt_livestock
D:10:     layout_small_grid, minmay_bent, uniq_harold
D:11:     layout_loops_ring, nicolae_trove_entry_free_sample, uniq_josephine
D:12:     layout_roguey, minmay_orc_entry_guard_dogs
D:13:     layout_roguey, erik_vaults_1, serial_shops, kennysheep_mini_moat,
          minmay_beelzebubs_servants
D:14:     layout_loops_cross, basic_altar
D:15:     grunt_enter_depths_hoard, layout_irregular_city
Temple:   eino_temple_lava
Lair:1:   layout_regular_city, grunt_megastairs_3, serial_bayou_shore_b
Lair:2:   layout_roguey, serial_bayou_ford_a
Lair:3:   layout_regular_city, minmay_shoals_entry_beasts,
          nicolae_spider_entry_tight_spaces, portal_ice_cave_demonic_guard,
          ebering_ghost_xom, uniq_prince_ribbit2
Lair:4:   layout_long_grid, serial_rivers, chequers_serial_rivers_large_a,
          chequers_serial_rivers_small_a, chequers_serial_rivers_marsh,
          chequers_serial_rivers_small_3, chequers_serial_rivers_small_3,
          nicolae_volcano_entry_hallway
Lair:5:   layout_regular_city, minmay_slime_entry_oklob_open,
          grunt_forest_large_clearing_hut
Lair:6:   evilmike_catoblepas_cave, layout_hall_layers, lemuel_fruit_fields
Shoals:1: layout_shoals
Shoals:2: layout_shoals
Shoals:3: layout_shoals, serial_shops, shop, shop_fountains, shop, shop_statue,
          nicolae_shop_stone, st_cyclops, uniq_jorgrun
Shoals:4: shoals_end_grunt_ice, layout_shoals, serial_shops, shop,
          nicolae_shoals_cliffside_cave, argonaut_gorgonesque, uniq_aizul,
          uniq_polyphemus
Spider:1: layout_spider_delve
Spider:2: spiders_nest_scorpion_pit, uniq_arachne
Spider:3: layout_spider_delve, einodemon_crawler_minivault, uniq_azrael
Spider:4: grunt_spider_rune_parallel, spiders_nest_spider_trap, uniq_nikola
Slime:1:  layout_caves
Slime:2:  layout_caves
Slime:3:  layout_caves
Slime:4:  layout_caves
Slime:5
Orc:1:    layout_caves, serial_shops, nicolae_shop_waterfront, shop, shop, shop,
          shop_fountains, mines_bat_river
Orc:2:    grunt_orc_cross, layout_caves, uniq_saint_roka, uniq_sonja
Elf:1:    kennysheep_ambush_hall, layout_geoelf_octagon,
          minmay_elf_crystal_hexagon, uniq_frances
Elf:2:    layout_rooms, serial_shops, bzr_entry_lakeside
Elf:3:    minmay_elf_hall_curves, layout_geoelf_diagonals, minmay_shoptagon
Vaults:1: st_greater_box_2, v_misc_4, ontoclasm_vaults_bender, v_alt_pattern_2,
          nicolae_vaults_border_crossing, nicolae_vaults_little_squares_1,
          vaults_room_grunt_arrival_ludios, vaults_room_fours,
          nicolae_vaults_yaktaur_gun_rack, layout_vaults_chaotic_city,
          basic_altar
Vaults:2: hangedman_vaults_slither, vaults_room_pool, vaults_room_fancy_cross,
          hangedman_vaults_capsules, v_misc_11, vaults_mumra_hex,
          nicolae_vaults_shelves_hall, layout_vaults_omnigrid
Vaults:3: gammafunk_vaults_ghost_spectres, kb_rosetta, ontoclasm_vaults_pinch,
          blue_anna_dwarven_crypt, nicolae_vaults_angled_halls,
          hangedman_vaults_snaps, v_alt_pattern_6, v_misc_18,
          ontoclasm_vaults_gateway, grunt_vaults_focal, vaults_room_fours,
          dpeg_vaults_monster_box, vaults_room_grid,
          nicolae_vaults_angled_halls, ontoclasm_vaults_misaligned,
          layout_vaults_ring, serial_shops, bzr_entry_dummy
Vaults:4: hangedman_vaults_nails, grunt_vaults_diagonal,
          nicolae_vaults_disjoint_gnomons, v_rooms_3, v_misc_3, v_alt_pattern_1,
          ontoclasm_vaults_misaligned, grunt_vaults_twisty,
          hangedman_vaults_trim, v_misc_13, nicolae_vaults_diagonal_hallway_6,
          nicolae_vaults_diagonal_hallway_8, layout_vaults_maze_snakey,
          serial_shops, bzr_firewalk
Vaults:5
Depths:1: layout_roguey, hell_entry, kennysheep_donut, ashenzari_altar_1
Depths:2: minmay_the_grid_octo_triangle [minmay_the_grid_octo_checkered,
          minmay_the_grid_octo_prize_star, minmay_the_grid_octo_horde],
          layout_honeycomb, enter_ziggurat_a, pan_entry, hell_entry, drop_trap,
          minmay_holes, minmay_shop_star
Depths:3: lemuel_river_lethe, hell_entry, abyss_entry, pan_entry,
          uniq_frederick, uniq_margery, uniq_xtahua
Depths:4: kennysheep_blocky_room, layout_basic, special_room
          [special_room_mythical_zoo], grunt_pan_entry_spiral, abyss_entry,
          hell_entry
Depths:5: grunt_crosshair, layout_gridlike, abyss_entry, grunt_hell_horde,
          hex_intersection
Hell
Dis:1:    layout_subdivisions
Dis:2:    layout_chaotic_city
Dis:3:    layout_overlapping_boxes
Dis:4:    layout_gridville, evilmike_ambush [evilmike_ambush_outer_basic,
          evilmike_ambush_inner_pond], lemuel_elevator
Dis:5:    layout_subdivisions
Dis:6:    layout_gridville
Dis:7:    iron_city_of_dis [dis_grunt, dis_wall_5], layout_chaotic_city,
          door_vault
Geh:1:    layout_gehenna_pools_basic, gehenna_fire_generator
Geh:2:    layout_gehenna_pools_box
Geh:3:    layout_gehenna_lava_caves
Geh:4:    layout_gehenna_pools_box
Geh:5:    layout_gehenna_lava_caves
Geh:6:    layout_gehenna_pools_basic
Geh:7:    geh_hangedman
Coc:1:    layout_cocytus_water_paths
Coc:2:    layout_cocytus_water_paths
Coc:3:    layout_ice_bergs
Coc:4:    layout_cocytus_water_paths
Coc:5:    layout_cocytus_water_paths
Coc:6:    layout_cocytus_delve, hangedman_elemental_grid_stream
Coc:7:    coc_dpeg
Tar:1:    layout_catacombs
Tar:2:    layout_grid_maze
Tar:3:    layout_cathedral_of_symmetry
Tar:4:    layout_grid_maze
Tar:5:    layout_grid_maze, evilmike_ambush [evilmike_ambush_outer_doors,
          evilmike_ambush_inner_pond]
Tar:6:    layout_grid_maze, nicolae_tar_cuneiform_city
Tar:7:    tar_mu [tar_mu_maze]
Zot:1:    layout_onion_interference, hangedman_player_shredder
Zot:2:    lemuel_firehouse, layout_cathedral_of_symmetry
Zot:3:    layout_onion, nicolae_lava_and_water
Zot:4:    hangedman_zot_vaults_quadrants, layout_cathedral_of_symmetry
Zot:5:    layout_gridlike, grunt_ministairs_1

Skill      XL: |  1  2  3  4  5  6  7  8  9 10 11 12 13 14 15 16 17 18 19 20 21 22 23 24 25 26 27 |
---------------+----------------------------------------------------------------------------------+-----
Ice Magic      | 4 5 6 7 8 9 10 11 12 13 14 15 16 17 18 19 24 | 24.7
Spellcasting   | 3 4 5 6 8 9 10 11 12 13 14 15 16 17 18 19 20 25 | 25.8
Shields        | 1 2 4 7 8 10 12 13 14 15 | 15.0
Conjurations   | 1 2 3 5 6 7 8 9 10 11 12 13 14 15 20 | 20.6
Dodging        | 2 3 4 5 6 7 8 9 10 11 17 | 17.3
Invocations    | 1 4 6 7 8 10 11 12 13 14 15 18 | 18.6
Fighting       | 1 3 4 5 6 7 8 9 10 11 12 18 | 18.4
Evocations     | 1 3 4 5 6 7 8 9 10 15 | 15.2
Air Magic      | 1 3 4 5 6 7 8 9 10 11 12 13 20 | 20.0
Transmutations | 2 4 5 6 7 8 9 17 | 17.0
Necromancy     | 19 | 19.0
Polearms       | 14 | 14.7
Stealth        | |  1.7

Action                   |  1- 3 |  4- 6 |  7- 9 | 10-12 | 13-15 | 16-18 | 19-21 | 22-24 | 25-27 || total
-------------------------+-------+-------+-------+-------+-------+-------+-------+-------+-------++-------
Melee: Unarmed           |     4 |    11 |       |       |       |       |       |       |       ||    15
       Club              |     7 |     1 |       |       |       |       |       |       |       ||     8
       Kick              |     1 |       |       |       |       |   183 |    75 |   172 |  2010 ||  2441
       Broad axe         |       |     3 |       |       |       |       |       |     4 |     1 ||     8
       Long sword        |       |    29 |    14 |       |       |   251 |   202 |   524 |  2144 ||  3164
       Whip              |       |       |    89 |   423 |   620 |   314 |       |       |       ||  1446
       War axe           |       |       |       |       |    35 |       |       |       |       ||    35
       Scimitar          |       |       |       |       |   151 |    39 |       |       |       ||   190
       Staff             |       |       |       |       |       |       |     1 |       |    80 ||    81
       Lance             |       |       |       |       |       |       |       |       |  3113 ||  3113
Throw: Javelin           |       |    21 |     5 |       |       |       |       |       |       ||    26
       Dart              |       |       |     2 |    17 |    24 |    27 |       |       |       ||    70
 Cast: Freeze            |    62 |    61 |    86 |       |     2 |     6 |    21 |    12 |     1 ||   251
       Ozocubu's Armour  |       |     2 |     1 |     4 |    12 |     7 |       |     3 |     2 ||    31
       Frozen Ramparts   |       |     2 |    28 |    55 |    76 |    59 |    13 |    44 |    36 ||   313
       Hailstorm         |       |       |     2 |    56 |   129 |   133 |   112 |   139 |   270 ||   841
       Summon Ice Beast  |       |       |       |     5 |    30 |    49 |    26 |    34 |    21 ||   165
       Ozocubu's Refrige |       |       |       |       |    43 |   142 |   113 |   160 |   654 ||  1112
       Airstrike         |       |       |       |       |     6 |    33 |    28 |    35 |    66 ||   168
       Swiftness         |       |       |       |       |     1 |       |       |       |     1 ||     2
       Freezing Cloud    |       |       |       |       |       |       |    13 |    31 |    25 ||    69
       Irradiate         |       |       |       |       |       |       |     2 |    33 |   145 ||   180
       Starburst         |       |       |       |       |       |       |       |    51 |    36 ||    87
       Orb of Destructio |       |       |       |       |       |       |       |       |    58 ||    58
       Absolute Zero     |       |       |       |       |       |       |       |       |   364 ||   364
       Necromutation     |       |       |       |       |       |       |       |       |   107 ||   107
       Tornado           |       |       |       |       |       |       |       |       |    48 ||    48
Invok: Channel Magic     |       |       |       |     2 |     4 |    13 |     9 |    20 |    95 ||   143
       Forget Spell      |       |       |       |       |       |       |       |       |     3 ||     3
 Abil: Evoke Flight      |       |       |       |       |       |       |       |       |     8 ||     8
       Stop Flying       |       |       |       |       |       |       |       |       |     5 ||     5
       End Transformatio |       |       |       |       |       |       |       |       |     2 ||     2
Evoke: Wand              |       |       |       |       |     1 |       |       |       |     1 ||     2
       Phial of floods   |       |       |       |       |       |     1 |       |       |       ||     1
  Use: Scroll            |       |       |    20 |     8 |     9 |     7 |    13 |     4 |    38 ||    99
       Potion            |       |       |       |       |     3 |     1 |     1 |     1 |     5 ||    11
 Stab: Sleeping          |       |       |       |     3 |     3 |     2 |     1 |       |       ||     9
       Distracted        |       |       |       |     1 |     4 |     3 |       |     1 |     1 ||    10
       Confused          |       |       |       |       |       |       |       |     1 |       ||     1
       Petrified         |       |       |       |       |       |       |       |       |     5 ||     5
       Petrifying        |       |       |       |       |       |       |       |       |     2 ||     2
  Eat: Chunk             |     3 |     6 |    15 |    22 |    45 |    54 |    36 |    45 |    61 ||   287
       Ration            |       |       |       |     1 |     2 |     6 |       |       |    33 ||    42
Armor: Robe              |     4 |    36 |    18 |       |       |       |       |       |   307 ||   365
       Leather armour    |       |       |    63 |   164 |   298 |   348 |    47 |   170 |   767 ||  1857
Dodge: Dodged            |    50 |    57 |    68 |   247 |   488 |   619 |   139 |   360 |  3182 ||  5210
       Repelled          |       |       |       |       |       |    17 |     5 |       |    38 ||    60
Block: Buckler           |       |       |    29 |   192 |   536 |   645 |    39 |       |       ||  1441
       Reflection        |       |       |       |    10 |    18 |    30 |    29 |    54 |    88 ||   229
       Kite shield       |       |       |       |       |       |       |   186 |   626 |  4723 ||  5535
       Rpst.: Long sword |       |    11 |     6 |       |       |    40 |    22 |    54 |   322 ||   455
       Scimitar          |       |       |       |       |    25 |     6 |       |       |       ||    31

Table legend:
 A = Non-vault XP
 B = Vault XP
 C = Vault XP percentage of total XP
 D = Non-vault monster count
 E = Vault monster count
 F = Vault count percentage of total count
                 A         B        C        D         E       F
            +---------+---------+-------+---------+---------+-------
      Total | 1928596 | 1685550 |  46.6 |    3225 |    1663 |  34.0
            +---------+---------+-------+---------+---------+-------
        D:1 |      37 |      24 |  39.3 |      23 |       6 |  20.7
        D:2 |      29 |      14 |  32.6 |      10 |       8 |  44.4
        D:3 |      23 |       0 |   0.0 |      12 |       0 |   0.0
        D:4 |     520 |     788 |  60.2 |      19 |      11 |  36.7
        D:5 |     145 |     803 |  84.7 |       7 |       5 |  41.7
        D:6 |     609 |      61 |   9.1 |      19 |       2 |   9.5
        D:7 |    1208 |       0 |   0.0 |      30 |       0 |   0.0
        D:8 |    2104 |       0 |   0.0 |      48 |       0 |   0.0
        D:9 |    3563 |    2597 |  42.2 |      39 |      26 |  40.0
       D:10 |    2275 |    3373 |  59.7 |      24 |       9 |  27.3
       D:11 |    2236 |    2123 |  48.7 |      26 |       6 |  18.8
       D:12 |    3895 |     506 |  11.5 |      25 |       3 |  10.7
       D:13 |    8514 |    3757 |  30.6 |      23 |       7 |  23.3
       D:14 |   10629 |       0 |   0.0 |      38 |       0 |   0.0
       D:15 |    8663 |    1852 |  17.6 |      23 |       2 |   8.0
     Lair:1 |    3377 |     520 |  13.3 |      18 |       2 |  10.0
     Lair:2 |    3187 |       0 |   0.0 |      11 |       0 |   0.0
     Lair:3 |    6507 |    6088 |  48.3 |      29 |      18 |  38.3
     Lair:4 |   12904 |       0 |   0.0 |      42 |       0 |   0.0
     Lair:5 |    4062 |    3795 |  48.3 |       9 |       7 |  43.8
     Lair:6 |    6686 |   11504 |  63.2 |      16 |      23 |  59.0
   Shoals:1 |   16964 |       0 |   0.0 |      33 |       0 |   0.0
   Shoals:2 |    9435 |       0 |   0.0 |      23 |       0 |   0.0
   Shoals:3 |    4511 |    7189 |  61.4 |       8 |       9 |  52.9
   Shoals:4 |   20616 |   31852 |  60.7 |      48 |      45 |  48.4
   Spider:1 |   15013 |       0 |   0.0 |      37 |       0 |   0.0
   Spider:2 |   10896 |   11349 |  51.0 |      24 |      20 |  45.5
   Spider:3 |   18020 |    4142 |  18.7 |      54 |      15 |  21.7
   Spider:4 |   20263 |   27945 |  58.0 |      57 |      54 |  48.6
    Slime:1 |     259 |       0 |   0.0 |       1 |       0 |   0.0
    Slime:2 |    3795 |       0 |   0.0 |       8 |       0 |   0.0
    Slime:3 |    8524 |       0 |   0.0 |      17 |       0 |   0.0
    Slime:4 |     400 |       0 |   0.0 |       1 |       0 |   0.0
    Slime:5 |   16932 |   32334 |  65.6 |      29 |      12 |  29.3
      Orc:1 |    4041 |     639 |  13.7 |      44 |       6 |  12.0
      Orc:2 |    3283 |   13412 |  80.3 |      28 |      52 |  65.0
      Elf:1 |   21238 |    8334 |  28.2 |      39 |      13 |  25.0
      Elf:2 |    4586 |   22208 |  82.9 |      10 |      28 |  73.7
      Elf:3 |   23433 |   38551 |  62.2 |      34 |      27 |  44.3
   Vaults:1 |   22744 |   58490 |  72.0 |      50 |      58 |  53.7
   Vaults:2 |   43747 |   13378 |  23.4 |      73 |      20 |  21.5
   Vaults:3 |   24895 |   34842 |  58.3 |      45 |      38 |  45.8
   Vaults:4 |   22238 |   24168 |  52.1 |      29 |      25 |  46.3
   Vaults:5 |   32670 |  112793 |  77.5 |      47 |      92 |  66.2
   Depths:1 |   14309 |       0 |   0.0 |      16 |       0 |   0.0
   Depths:2 |   21289 |   26231 |  55.2 |      23 |      19 |  45.2
   Depths:3 |       0 |   73397 | 100.0 |       0 |     121 | 100.0
   Depths:4 |   49341 |   42792 |  46.4 |      58 |      43 |  42.6
   Depths:5 |   51430 |   31058 |  37.7 |      66 |      28 |  29.8
       Hell |   13412 |   49800 |  78.8 |      27 |      65 |  70.7
      Dis:1 |    4975 |       0 |   0.0 |      12 |       0 |   0.0
      Dis:2 |   26394 |       0 |   0.0 |      76 |       0 |   0.0
      Dis:3 |    7505 |       0 |   0.0 |      22 |       0 |   0.0
      Dis:4 |    6785 |   18362 |  73.0 |      14 |      23 |  62.2
      Dis:5 |   28022 |       0 |   0.0 |      58 |       0 |   0.0
      Dis:6 |   30605 |     220 |   0.7 |      37 |       1 |   2.6
      Dis:7 |   57337 |  126397 |  68.8 |      79 |      96 |  54.9
      Geh:1 |    7929 |       0 |   0.0 |      15 |       0 |   0.0
      Geh:2 |   14327 |       0 |   0.0 |      48 |       0 |   0.0
      Geh:3 |   28283 |       0 |   0.0 |      64 |       0 |   0.0
      Geh:4 |   26244 |       0 |   0.0 |      45 |       0 |   0.0
      Geh:5 |    6376 |       0 |   0.0 |      10 |       0 |   0.0
      Geh:6 |   19900 |       0 |   0.0 |      39 |       0 |   0.0
      Geh:7 |   62811 |   93619 |  59.8 |     123 |      77 |  38.5
      Coc:1 |    3606 |       0 |   0.0 |       6 |       0 |   0.0
      Coc:2 |   20356 |       0 |   0.0 |      36 |       0 |   0.0
      Coc:3 |    8094 |       0 |   0.0 |      15 |       0 |   0.0
      Coc:4 |    6653 |       0 |   0.0 |      14 |       0 |   0.0
      Coc:5 |   43841 |       0 |   0.0 |      68 |       0 |   0.0
      Coc:6 |    5901 |   18628 |  75.9 |      11 |      14 |  56.0
      Coc:7 |   73464 |   72160 |  49.6 |      74 |      31 |  29.5
      Tar:1 |    3634 |       0 |   0.0 |       3 |       0 |   0.0
      Tar:2 |   16261 |       0 |   0.0 |      26 |       0 |   0.0
      Tar:4 |    5919 |       0 |   0.0 |       7 |       0 |   0.0
      Tar:5 |    4360 |       0 |   0.0 |       5 |       0 |   0.0
      Tar:7 |   21468 |   31238 |  59.3 |      22 |      30 |  57.7
      Zot:1 |   43043 |   43944 |  50.5 |      26 |      17 |  39.5
      Zot:2 |   45674 |   22082 |  32.6 |      27 |      30 |  52.6
      Zot:3 |   31810 |       0 |   0.0 |      20 |       0 |   0.0
      Zot:4 |   61920 |   49229 |  44.3 |      34 |      30 |  46.9
      Zot:5 |   42607 |  158455 |  78.8 |      22 |      41 |  65.1
    Abyss:1 |     973 |       0 |   0.0 |       4 |       0 |   0.0
    Abyss:2 |   12753 |       0 |   0.0 |      26 |       0 |   0.0
    Abyss:3 |    4654 |   16970 |  78.5 |      15 |      15 |  50.0
        Pan |  564655 |  314237 |  35.8 |     702 |     218 |  23.7
      Sewer |       0 |     172 | 100.0 |       0 |      48 | 100.0
      IceCv |       0 |   14545 | 100.0 |       0 |      57 | 100.0
    Volcano |       0 |    2583 | 100.0 |       0 |      10 | 100.0
            +---------+---------+-------+---------+---------+-------
